 Dungeon Crawl Stone Soup version 0.28-a0-529-g3bad584f25 (webtiles) character file.

Game seed: 8538247534373501021

95 omnomnOMINOUS the Sneak (level 4, -8/30 HPs)
             Began as an Octopode Wanderer on Sept 24, 2021.
             Was a Follower of Uskayaw.
             Mangled by Crazy Yiuf (10 damage)
             ... on level 3 of the Dungeon.
             The game lasted 00:05:36 (2599 turns).

omnomnOMINOUS the Sneak (Octopode Wanderer)         Turns: 2599, Time: 00:05:38

Health: -8/30      AC:  1    Str: 10    XL:     4   Next: 66%
Magic:  5/5        EV: 14    Int: 12    God:    Uskayaw [*.....]
Gold:   88         SH:  0    Dex: 15    Spells: 1/5 levels left

rFire   . . .      SeeInvis .   a - +2 short sword (venom)
rCold   . . .      Faith    .   (no shield)
rNeg    . . .      Spirit   .   (helmet restricted)
rPois   .          Reflect  .   (no amulet)
rElec   .          Harm     .   (no ring)
rCorr   .          Rampage  .   (no ring)
Will    .....                   (no ring)
Stlth   +++.......              (no ring)
HPRegen 0.10/turn               (no ring)
MPRegen 0.09/turn               (no ring)
                                (no ring)
                                (no ring)

@: lethally poisoned (-8 -> -19)
A: almost no armour, amphibious, 8 rings, camouflage 1, gelatinous body 1,
(nimble swimmer 1), tentacles
a: Renounce Religion, Stomp


You were on level 3 of the Dungeon.
You worshipped Uskayaw.
Uskayaw was noncommittal.
You visited 1 branch of the dungeon, and saw 3 of its levels.

You collected 88 gold pieces.

Inventory:

Hand Weapons
 a - a +2 short sword of venom (weapon)
Magical Staves
 b - a staff of conjuration
Scrolls
 c - 2 scrolls of amnesia {unknown}
 e - 7 scrolls of identify {unknown}
 h - a scroll of teleportation {unknown}
 i - a scroll of blinking
 j - a scroll of holy word {unknown}
 k - 2 scrolls of vulnerability {unknown}
Potions
 d - a potion of lignification
 f - a potion of heal wounds {unknown}
 g - 2 potions of curing {unknown}
 l - a potion of flight {unknown}
 m - a potion of attraction {unknown}


   Skills:
 + Level 2.8 Fighting
 * Level 2.2 Short Blades
 + Level 2.8 Dodging
 + Level 2.9 Stealth
 - Level 1.2 Spellcasting
 - Level 0.6 Conjurations
 - Level 2.0 Hexes
 + Level 0.4 Invocations
 - Level 1.1 Evocations


You had one spell level left.
You knew the following spells:

 Your Spells              Type           Power      Damage    Failure   Level
a - Sticky Flame          Conj/Fire      1%         2d3       95%         4

Your spell library contained the following spells:

 Spells                   Type           Power      Damage    Failure   Level
 Conjure Flame            Conj/Fire      1%         6-21      61%         3
 Ignite Poison            Fire/Tmut/Pois 0%         N/A       65%         3


Dungeon Overview and Level Annotations

Branches:
Dungeon (3/15)

Altars:
Uskayaw
Yredelemnul

Annotations:
D:3 Crazy Yiuf


Innate Abilities, Weirdness & Mutations

You cannot wear most types of armour.
You are amphibious.
You can wear up to eight rings at the same time.
Your skin changes colour to match your surroundings (Stealth+).
Your rubbery body absorbs attacks. (AC +1, EV +1)
((You are camouflaged near water. (Stealth+)))
You have tentacles for arms and can constrict up to eight enemies at once.


Message History

There is a stone staircase leading down here.
There is a stone staircase leading down here.
You open the door. As you open the door, it creaks loudly!
Found a stone staircase leading down.
Unknown command.
No target in view!
No target in view!
There is an open door here.
There is a stone staircase leading down here.
There is an open door here.
There is a stone staircase leading up here.
As you open the door, it creaks loudly!
There is an open door here.
Crazy Yiuf shouts!
Crazy Yiuf says, "Powder!
Blight ragdoll wrapper."
No reachable target in view!
You open the door. You hit Crazy Yiuf. Your grab misses Crazy Yiuf.
Crazy Yiuf is lightly wounded.
Crazy Yiuf barely misses you.
You hit Crazy Yiuf but do no damage.
Crazy Yiuf is poisoned.
You grab Crazy Yiuf.
Crazy Yiuf is lightly wounded.
You constrict Crazy Yiuf, but do no damage.
Crazy Yiuf hits you with a +4 quarterstaff of chaos!
Crazy Yiuf freezes you.
You hit Crazy Yiuf.
Crazy Yiuf looks even sicker.
Crazy Yiuf is heavily wounded.
You constrict Crazy Yiuf.
Crazy Yiuf hits you with a +4 quarterstaff of chaos!
* * * LOW HITPOINT WARNING * * *
You are lethally poisoned!
You hit Crazy Yiuf.
Crazy Yiuf looks as sick as possible!
Crazy Yiuf is severely wounded.
You constrict Crazy Yiuf.
* * * LOW HITPOINT WARNING * * *
You feel very sick.
Crazy Yiuf hits you with a +4 quarterstaff of chaos!
You die...

##### #)..# #...#
######## ... .......#
#g# ######.##### ♣@♣♣
#....#.#...# ♣♣.♣
#....#.#...# ♣.♣♣
#....#.#...# ♣♣.♣
'....###...# ♣♣.♣♣
#....#.'...# ♣♣...♣
#....###...# ♣.P..♣
#....###...# #....#
#.........)#####..#####


You could see Crazy Yiuf (extremely poisoned).

Vanquished Creatures
  4 adders (D:2)
  An ufetubus (D:3)
  2 dart slugs
  4 ball pythons
  5 bats
  6 endoplasms
  3 giant cockroaches
  4 goblins
  3 hobgoblins
  A jackal (D:2)
  4 quokkas
  3 kobolds
  8 rats
48 creatures vanquished.

Notes
Turn   | Place    | Note
-------+----------+-------------------------------------------
     0 | D:1      | omnomnOMINOUS the Octopode Wanderer began the quest for the
                  | Orb.
     0 | D:1      | omnomnOMINOUS set off with the following items: a +2
                  | dagger, a scroll of blinking, a +0 short sword, a potion of
                  | lignification
     0 | D:1      | Reached XP level 1. HP: 14/14 MP: 2/2
    28 | D:1      | Reached skill level 1 in Dodging
    91 | D:1      | Reached XP level 2. HP: 18/19 MP: 3/3
   518 | D:2      | Reached XP level 3. HP: 14/25 MP: 4/4
  1134 | D:2      | Reached XP level 4. HP: 26/30 MP: 5/5
  1139 | D:2      | Learned a level 4 spell: Sticky Flame
  1242 | D:2      | You fall into a shaft and drop 1 floor!
  1553 | D:2      | Found a faded altar of an unknown god.
  1563 | D:2      | Became a worshipper of Uskayaw the Reveller
  1563 | D:2      | Reached * piety under Uskayaw
  1899 | D:3      | Found a basalt altar of Yredelemnul.
  2144 | D:3      | Reached ** piety under Uskayaw
  2375 | D:3      | Found a runed translucent door.
  2376 | D:3      | Noticed Crazy Yiuf
  2599 | D:3      | Mangled by Crazy Yiuf

Illustrated notes

Levels and vault maps discovered:
D:1:      wander_arrival_lonely_grave, layout_basic
D:2:      layout_loops_ring, hellmonk_ecumenical_altar_pennies_from_heaven,
          minmay_ruptured
D:3:      layout_basic, mainiacjoe_overflow_brackets, uniq_crazy_yiuf_cottage

Skill      XL: |  1  2 |
---------------+-------+-----
Dodging        | 1 2 |  2.8
Fighting       | |  2.8
Short Blades   | |  2.2
Stealth        | |  2.9
Spellcasting   | |  1.2
Conjurations   | |  0.6
Hexes          | |  2.0
Invocations    | |  0.4
Evocations     | |  1.1

Action                   |  1- 3 |  4- 6 || total
-------------------------+-------+-------++-------
Melee: Dagger            |    17 |       ||    17
       Constrict         |    11 |    11 ||    22
       Tentacles         |     6 |     7 ||    13
       Hand axe          |    23 |       ||    23
       Short sword       |     9 |    36 ||    45
 Stab: Sleeping          |    10 |     6 ||    16
Armor: Skin              |     2 |     2 ||     4
Dodge: Dodged            |    30 |    24 ||    54

Table legend: (Time is in decaauts)
 A = Elapsed time spent in this place.
 B = Non-inter-level travel time spent in this place.
 C = Inter-level travel time spent in this place.
 D = Time resting spent in this place.
 E = Time spent auto-exploring this place.
 F = Levels seen in this place.
 G = Mean time per level.
                   A        B        C        D        E       F      G
               +--------+--------+--------+--------+--------+-----+--------+
         Total |   2602 |   2528 |     74 |    204 |   1935 |   3 |  867.3 |
       Dungeon |   2602 |   2528 |     74 |    204 |   1935 |   3 |  867.3 |
               +--------+--------+--------+--------+--------+-----+--------+

Top non-repeatable levels by time:
     D:2: 1191 daAuts
     D:3: 898 daAuts
     D:1: 513 daAuts
